 Dungeon Crawl Stone Soup version 0.29.1-1-gd02db6906a (webtiles) character file.

Game seed: 9286106646783795343

17 jlumianski the Ducker (level 2, -3/22 HPs)
             Began as a Demonspawn Gladiator on Sept 17, 2022.
             Killed from afar by a dart slug (4 damage)
             ... with a slug dart
             ... on level 1 of the Dungeon.
             The game lasted 00:02:53 (915 turns).

jlumianski the Ducker (Demonspawn Gladiator)         Turns: 915, Time: 00:02:54

Health: -3/22      AC:  5    Str: 14    XL:     2   Next: 44%
Magic:  2/2        EV: 12    Int:  9    God:
Gold:   10         SH:  0    Dex: 14    Spells: 1/1 levels left

rFire   . . .      SeeInvis .   a - +0 war axe
rCold   . . .      Faith    .   (no shield)
rNeg    . . .      Spirit   .   b - +0 leather armour
rPois   .          Reflect  .   c - +0 helmet
rElec   .          Harm     .   (no cloak)
rCorr   .          Rampage  .   (no gloves)
Will    .....                   k - +0 pair of boots
Stlth   +.........              (no amulet)
HPRegen 0.07/turn               (no ring)
MPRegen 0.08/turn               (no ring)

@: no status effects
A: ignite blood 1
a: no special abilities


You were on level 1 of the Dungeon.
You visited 1 branch of the dungeon, and saw 2 of its levels.

You collected 10 gold pieces.

Inventory:

Hand Weapons
 a - a +0 war axe (weapon)
Missiles
 d - 3 throwing nets (quivered)
 e - a javelin
 h - 2 poisoned darts
Armour
 b - a +0 leather armour (worn)
 c - a +0 helmet (worn)
 k - a +0 pair of boots (worn)
Scrolls
 f - a scroll of teleportation {unknown}
 g - a scroll of fog {unknown}
 i - a scroll of enchant armour {unknown}
 l - a scroll of enchant weapon {unknown}
 m - a scroll of identify {unknown}
 n - a scroll of immolation {unknown}
 o - a scroll of amnesia {unknown}
Potions
 j - a potion of mutation {unknown}


   Skills:
 + Level 2.0 Fighting
 + Level 3.0 Axes
 + Level 1.8 Throwing
 + Level 3.2 Dodging


You had one spell level left.
You didn't know any spells.
Your spell library was empty.

Dungeon Overview and Level Annotations

Branches:
Dungeon (2/15)

Altars:


Innate Abilities, Weirdness & Mutations

Your demonic aura sometimes causes spilled blood to erupt in flames.


Message History

The dart slug launches a dart at you. The slug dart hits you.
The dart slug barely misses you. The dart slug launches a dart at you.
The slug dart hits you but does no damage.
The dart slug launches a dart at you. The slug dart hits you.
The dart slug misses you. The dart slug barely misses you.
The dart slug launches a dart at you.
The slug dart hits you but does no damage.
The dart slug bites you but does no damage.
The dart slug launches a dart at you. The slug dart hits you.
The dart slug launches a dart at you.
The slug dart hits you but does no damage.
The dart slug barely misses you. The dart slug barely misses you.
The dart slug launches a dart at you. The slug dart hits you.
* * * LOW HITPOINT WARNING * * *
The dart slug bites you but does no damage.
The dart slug launches a dart at you. The slug dart hits you.
* * * LOW HITPOINT WARNING * * *
The dart slug closely misses you.
The dart slug bites you but does no damage.
The dart slug misses you. The dart slug barely misses you.
The dart slug launches a dart at you. The slug dart hits you.
* * * LOW HITPOINT WARNING * * *
The dart slug launches a dart at you. The slug dart hits you.
* * * LOW HITPOINT WARNING * * *
The dart slug bites you but does no damage.
The dart slug barely misses you. The dart slug launches a dart at you.
The slug dart hits you.
You die...

..).....#..####....#
...........# #....#
.........#.####....#
.............##....#
####.###.#.#.##....##
####.....#.#.##.....
...........# ##...############
###.#........##..............#
..#...)........w@#######..####
#.##########.....#######..#
#.# #.###..........# ..# #
#.#######..# ### #.# #..# #
#.# #..# # #.# #..#
################.#######..#
.............†............#


You could see a dart slug.

Vanquished Creatures
  2 endoplasms (D:1)
  A giant cockroach (D:1)
  3 jackals (D:1)
  3 kobolds (D:1)
  A ball python (D:1)
  4 bats (D:1)
  A rat (D:1)
15 creatures vanquished.

Notes
Turn   | Place    | Note
-------+----------+-------------------------------------------
     0 | D:1      | jlumianski the Demonspawn Gladiator began the quest for the
                  | Orb.
     0 | D:1      | Reached XP level 1. HP: 16/16 MP: 1/1
   612 | D:1      | Gained mutation: Your demonic aura sometimes causes spilled
                  | blood to erupt in flames. [demonic ancestry]
   612 | D:1      | Reached XP level 2. HP: 20/22 MP: 2/2
   911 | D:1      | HP: 1/22 [dart slug/slug dart (2)]
   915 | D:1      | Killed from afar by a dart slug

Illustrated notes

Levels and vault maps discovered:
D:1:      evilmike_arrival_plus, layout_basic
D:2:      layout_basic, dreamdust_ecumenical_altar_grove, minivault_11

Skill      XL: |  1  2 |
---------------+-------+-----
Dodging        | 3 |  3.2
Axes           | 3 |  3.0
Fighting       | |  2.0
Throwing       | |  1.8

Action                   || total
-------------------------++-------
Melee: War axe           ||    50
Armor: Leather armour    ||    63
Dodge: Dodged            ||    94
